 Dungeon Crawl Stone Soup version 0.27-a0-1177-g245c70e1c0 (webtiles) character file.

Game seed: 9138495199284357318

2 Gorglomux the Chucker (level 1, -3/23 HPs)
             Began as an Ogre Hunter on May 16, 2021.
             Slain by a gnoll
             ... wielding a +0 flail
              (10 damage)
             ... on level 1 of the Dungeon.
             The game lasted 00:01:14 (95 turns).

Gorglomux the Chucker (Ogre Hunter)                   Turns: 95, Time: 00:01:15

Health: -3/23      AC:  3    Str: 15    XL:     1   Next: 30%
Magic:  1/1        EV:  9    Int: 12    God:
Gold:   0          SH:  0    Dex:  9    Spells: 0/0 levels left

rFire    . . .     SeeInvis .   a - +0 short sword
rCold    . . .     Faith    .   (no shield)
rNeg     . . .     Spirit   .   b - +0 robe
rPois    .         Reflect  .   (helmet restricted)
rElec    .         Harm     .   (no cloak)
rCorr    .         Rampage  .   (gloves unavailable)
Will     .....                  (boots unavailable)
Stlth    +.........             (no amulet)
HPRegen  0.07/turn              (no ring)
MPRegen  0.07/turn              (no ring)

@: no status effects
A: large, unfitting armour, tough skin 1
a: no special abilities


You were on level 1 of the Dungeon.
You visited 1 branch of the dungeon, and saw 1 of its levels.

Inventory:

Hand Weapons
 a - a +0 short sword (weapon)
Missiles
 w - a large rock
 Z - a throwing net (quivered)
Armour
 b - a +0 robe (worn)
Scrolls
 c - a scroll of enchant armour {unknown}


   Skills:
 + Level 3.0 Fighting
 - Level 4.0 Throwing
 - Level 1.7 Dodging
 - Level 0.6 Stealth


You couldn't memorise any spells.
You didn't know any spells.
Your spell library was empty.

Dungeon Overview and Level Annotations

Branches:
Dungeon (1/15)

Altars:


Innate Abilities, Weirdness & Mutations

You are too large for most types of armour.
You have tough skin. (AC +1)


Message History

The hobgoblin hits you but does no damage.
Throw: 2 large rocks
Press: ? - help, Q - select action, (/) - cycle Shift-Dir - straight line, f/p - gnoll
Aim: a gnoll, wielding a +0 flail (heavily wounded, 61% to hit)
You throw a large rock. The large rock hits the gnoll.
The gnoll is heavily wounded.
The gnoll closely misses you. The frilled lizard barely misses you.
The hobgoblin misses you. The gnoll misses you.
The frilled lizard unfolds its giant frill.
The frilled lizard bites you but does no damage.
The hobgoblin closely misses you.
Unknown command.
Unknown command.
The frilled lizard barely misses you. The gnoll barely misses you.
The frilled lizard hisses.
You miss the frilled lizard. The frilled lizard bites you.
You closely miss the frilled lizard. The frilled lizard bites you.
You hit the frilled lizard but do no damage.
The frilled lizard closely misses you.
You miss the frilled lizard. The frilled lizard bites you.
You hit the frilled lizard.
The frilled lizard is heavily wounded.
The frilled lizard barely misses you.
You hit the frilled lizard but do no damage.
The frilled lizard is heavily wounded.
The frilled lizard bites you.
* * * LOW HITPOINT WARNING * * *
You are too injured to fight recklessly!
You are too injured to fight recklessly!
You are too injured to fight recklessly!
You are too injured to fight recklessly!
You are too injured to fight recklessly!
You hit the frilled lizard.
You kill the frilled lizard!
Your Fighting skill increases to level 3!
You barely miss the gnoll.
The gnoll is moderately wounded.
The gnoll hits you but does no damage.
No quiver actions available for cycling.
Use Q to select from all actions.
No quiver actions available for cycling.
Use Q to select from all actions.
No quiver actions available for cycling.
Use Q to select from all actions.
Throw: 2 throwing nets
Press: ? - help, Q - select action, (/) - cycle Shift-Dir - straight line, f/p - gnoll
Aim: a gnoll, wielding a +0 flail (moderately wounded, 61% to hit)
You throw a throwing net.
The throwing net closely misses the gnoll.
The throwing net hits the hobgoblin.
The hobgoblin is caught in the net!
The gnoll hits you with a +0 flail!
You die...

###### #....#
#....#######
#.....gg@..#
#####..##.####.#
##......##.#.<#.#
##.......##.#..#.#
#........##.#.##.#
#...>....##.#....#
#........##.######
#............
#...(......##


You could see a gnoll and a hobgoblin (caught).

Vanquished Creatures
  A quokka (D:1)
  A frilled lizard (D:1)
2 creatures vanquished.

Notes
Turn   | Place    | Note
-------+----------+-------------------------------------------
     0 | D:1      | Gorglomux the Ogre Hunter began the quest for the Orb.
     0 | D:1      | Reached XP level 1. HP: 22/22 MP: 1/1
    94 | D:1      | Reached skill level 3 in Fighting
    95 | D:1      | Slain by a gnoll

Illustrated notes

Levels and vault maps discovered:
D:1:      zelgadis_glass_arrival_small, layout_rooms,
          hellmonk_ecumenical_altar_crossroads, minivault_27,
          chequers_serial_rivers_large_a

Skill      XL: |  1 |
---------------+----+-----
Fighting       | 3 |  3.0
Throwing       | |  4.0
Dodging        | |  1.7
Stealth        | |  0.6

Action                   || total
-------------------------++-------
Melee: Short sword       ||    19
Throw: Large rock        ||     4
       Throwing net      ||     1
Armor: Robe              ||     5
Dodge: Dodged            ||    17

Table legend: (Time is in decaauts)
 A = Elapsed time spent in this place.
 B = Non-inter-level travel time spent in this place.
 C = Inter-level travel time spent in this place.
 D = Time resting spent in this place.
 E = Time spent auto-exploring this place.
 F = Levels seen in this place.
 G = Mean time per level.
                   A        B        C        D        E       F      G
               +--------+--------+--------+--------+--------+-----+--------+
         Total |    100 |    100 |      0 |      0 |     53 |   1 |  100.0 |
       Dungeon |    100 |    100 |      0 |      0 |     53 |   1 |  100.0 |
               +--------+--------+--------+--------+--------+-----+--------+

Top non-repeatable levels by time:
     D:1: 100 daAuts
